 Dungeon Crawl Stone Soup version 0.29.0-7-g18a832c13a (webtiles) character file.

Game seed: 17616593393215136492

3 zenocrate the Vexing (level 1, 0/11 HPs)
             Began as a Deep Elf Arcane Marksman on Sept 1, 2022.
             Slain by a jackal (1 damage)
             ... on level 1 of the Dungeon.
             The game lasted 00:00:50 (287 turns).

zenocrate the Vexing (Deep Elf Arcane Marksman)      Turns: 287, Time: 00:00:50

Health: 0/11       AC:  0    Str:  7    XL:     1   Next: 41%
Magic:  5/5        EV: 12    Int: 17    God:
Gold:   27         SH:  0    Dex: 15    Spells: 2/3 levels left

rFire   . . .      SeeInvis .   b - +0 dagger
rCold   . . .      Faith    .   (no shield)
rNeg    . . .      Spirit   .   (no body armour)
rPois   .          Reflect  .   (no helmet)
rElec   .          Harm     .   (no cloak)
rCorr   .          Rampage  .   (no gloves)
Will    .....                   (no boots)
Stlth   +.........              (no amulet)
HPRegen 0.03/turn               (no ring)
MPRegen 0.09/turn               (no ring)

@: no status effects
A: no striking features
a: no special abilities


You were on level 1 of the Dungeon.
You visited 1 branch of the dungeon, and saw 1 of its levels.

You collected 27 gold pieces.

Inventory:

Hand Weapons
 a - a +1 sling
 b - a +0 dagger (weapon)
Armour
 c - a +0 robe
 e - a +0 leather armour
Scrolls
 f - a scroll of identify {unknown}
 g - a scroll of poison
Potions
 d - a potion of degeneration {unknown}


   Skills:
 - Level 0.7 Fighting
 + Level 3.1 Ranged Weapons
 - Level 2.4 Dodging
 - Level 1.5 Spellcasting
 - Level 4.0 Hexes


You had 2 spell levels left.
You knew the following spells:

 Your Spells              Type           Power      Damage    Failure   Level
a - Slow                  Hex            56%        N/A       4%          1

Your spell library contained the following spells:

 Spells                   Type           Power      Damage    Failure   Level
 Inner Flame              Hex/Fire       8%         N/A       26%         3
 Portal Projectile        Hex/Tloc       16%        N/A       26%         3
 Cause Fear               Hex            7%         N/A       36%         4


Dungeon Overview and Level Annotations

Branches:
Dungeon (1/15)

Altars:


Message History

A jackal is nearby!
A jackal is nearby!
You shoot a sling bullet. The sling bullet hits the jackal.
The jackal barks!
The jackal is moderately wounded.
An endoplasm comes into view.
A jackal comes into view.
You shoot a sling bullet.
The sling bullet closely misses the jackal.
The jackal barks!
You hear a bark!
You hear a shout!
You shoot a sling bullet. The sling bullet hits the jackal.
The jackal is severely wounded.
You hear a bark!
The jackal bites you. The jackal closely misses you.
Unknown command.
You shoot a sling bullet. The sling bullet hits the jackal.
The jackal is almost dead.
You hear a bark!
The jackal closely misses you.
A jackal comes into view.
You shoot a sling bullet.
The sling bullet completely misses the jackal.
The sling bullet hits the endoplasm.
The endoplasm is heavily wounded.
The jackal bites you.
You shoot a sling bullet. The sling bullet misses the jackal.
The sling bullet hits the endoplasm.
You kill the endoplasm!
The jackal misses you. x2
You shoot a sling bullet.
The sling bullet closely misses the jackal. x2
The jackal bites you.
You are too injured to fight recklessly!
You are too injured to fight recklessly!
You are too injured to fight recklessly!
Unknown command.
b - a +0 dagger (weapon)
The jackal bites you.
* * * LOW HITPOINT WARNING * * *
You barely miss the jackal. The jackal bites you.
You die...

## #. .. #h #.###.
###.#...h####... #
##...##...hh@.##.#
.###...# ##.#####.##.#
.(....# ...# #.##.#
#.<.### #..# #.##.#
......## #..## ##.##.##
.###...###....##.#....####
# ###...##.#...###......#
# ####.#.####.#....##.#
#..###.##...รท.......## .#


You could see 3 jackals.

Vanquished Creatures
  An endoplasm (D:1)
  A giant cockroach (D:1)
  A goblin (D:1)
3 creatures vanquished.

Notes
Turn   | Place    | Note
-------+----------+-------------------------------------------
     0 | D:1      | zenocrate the Deep Elf Arcane Marksman began the quest for
                  | the Orb.
     0 | D:1      | Reached XP level 1. HP: 11/11 MP: 5/5
   287 | D:1      | Slain by a jackal

Illustrated notes

Levels and vault maps discovered:
D:1:      dpeg_arrival_simpleton_a, layout_loops_ring,
          shapermc_ecumenical_altar_mp_vishouse

Skill      XL: |  1 |
---------------+----+-----
Ranged Weapons | 3 |  3.1
Fighting       | |  0.7
Dodging        | |  2.4
Spellcasting   | |  1.5
Hexes          | |  4.0

Action                   || total
-------------------------++-------
Melee: Dagger            ||     1
 Fire: Sling             ||    13
Dodge: Dodged            ||     9
